 Dungeon Crawl Stone Soup version 0.31.0-9-g3a7656b989 (webtiles) character file.

Game seed: 3324201466167891096

19857 qw the Skirmisher (level 12, -2/101 HPs)
             Began as a Demigod Hunter on Feb 2, 2024.
             Slain by a blink frog (12 damage)
             ... on level 1 of the Lair of Beasts.
             The game lasted 00:01:24 (10346 turns).

qw the Skirmisher (Demigod Hunter)                 Turns: 10346, Time: 00:01:25

Health: -2/101     AC: 11    Str: 18    XL:     12   Next: 12%
Magic:  15/15      EV: 24    Int: 11    God:
Gold:   673        SH:  0    Dex: 35    Spells: 11/11 levels left

rFire   . . .        o - +1 orcbow
rCold   . . .        (shield currently unavailable)
rNeg    . . .        j - +3 leather armour of Saekhl Nina {Regen+ Dex+2}
rPois   .            b - +2 hat
rElec   .            (no cloak)
rCorr   .            d - +1 pair of gloves
SInv    .            f - +0 pair of boots
Will    +....        (no amulet)
Stlth   ++           h - +6 ring of strength
HPRegen 1.16/turn    (no ring)
MPRegen 0.14/turn

%: no passive effects
@: very slow
A: high MP 1, forlorn, divine attributes
a: no special abilities


You were on level 1 of the Lair of Beasts.
You visited 2 branches of the dungeon, and saw 12 of its levels.

You collected 747 gold pieces.
You spent 74 gold pieces at shops.


Innate Abilities, Weirdness & Mutations

You have an increased reservoir of magic. (+10% MP)
You shall have no god before yourself.
Your divine heritage dramatically boosts your attributes as you level up.


   Skills:
 - Level 8.0 Fighting
 + Level 14.5 Ranged Weapons
 - Level 3.0 Armour
 - Level 10.0 Dodging
 - Level 0.8 Stealth


You had 11 spell levels left.
You didn't know any spells.
Your spell library was empty.

Inventory:

Hand Weapons
 o - a +1 orcbow (weapon)
Armour
 b - a +2 hat (worn)
 d - a +1 pair of gloves (worn)
 f - a +0 pair of boots (worn)
 j - the +3 leather armour of Saekhl Nina (worn) {Regen+ Dex+2}
   (You took it off an orc on level 5 of the Dungeon)

   Dex+2:     It affects your dexterity (+2).
   Regen+:    It increases your rate of health regeneration.
Jewellery
 c - a ring of ice
 h - a +6 ring of strength (left hand)
 u - a ring of fire
Potions
 a - a potion of mutation
 g - 7 potions of curing
 i - a potion of cancellation
 l - a potion of might
 n - a potion of enlightenment

Dungeon Overview and Level Annotations

Branches:
Dungeon (11/15)            Temple (0/1) D:5            Lair (1/5) D:11
    Orc (0/2) D:9

Shops:
D:2 *   D:5 (

Annotations:
D:3 1 runed translucent door, qw's ghost, amateur DjHu
Lair:1 exclusion: yak, Maggie


Message History

The blink frog is severely wounded.
The bullfrog barely misses you. The blink frog closely misses you.
The blink frog misses you.
You shoot an arrow. The arrow misses the blink frog.
The arrow hits the blink frog.
The blink frog is lightly wounded.
The bullfrog completely misses you. The blink frog closely misses you.
The blink frog hits you but does no damage.
The blink frog blinks!
You shoot an arrow. The arrow hits the blink frog!!
You kill the blink frog!
The blink frog barely misses you. The blink frog misses you.
You shoot an arrow. The arrow misses the blink frog.
You break out of your daze.
The blink frog completely misses you.
The blink frog blinks!
The blink frog misses you.
The blink frog blinks!
10344 ||| RETREEEEATING.
The blink frog misses you. The blink frog completely misses you.
The blink frog barely misses you.
Maggie says, "If you die in the Dungeon, but nobody's around to see it, does it really matter?"
The bullfrog misses you.
The blink frog blinks!
The blink frog misses you. The blink frog completely misses you.
The blink frog blinks!
The blink frog hits you! The blink frog misses you. The bullfrog misses you.
Maggie casts a spell.
Maggie attempts to bespell you! You resist.
The blink frog blinks!
The blink frog closely misses you.
10345 ||| RETREEEEATING.
The blink frog blinks! x2; The blink frog hits you!
The blink frog attacks as it pursues you!
The blink frog hits you. x2; The blink frog blinks!
The blink frog barely misses you. The blink frog completely misses you.
The blink frog hits you.
Enter note:
Enter note:
10346 ||| RETREEEEATING.
You shoot an arrow. The arrow hits the blink frog!!
The blink frog is severely wounded.
The bullfrog hits you but does no damage.
The blink frog hits you.
The blink frog blinks!
The blink frog misses you. The blink frog hits you!
You die...

#~P7777#########
77~~~~7~#......#
~P~~~~~~~..7~.Y####
.........F.~~7Y...#
~~~~P~PP~.~~P~7#..##
~~~~~~~~~.~~~~~77..#
77~~PPPP~.~~~~~~7#.##
#7777~~~.~~~~~ยค~7..# #
77P~.~~~~~F@F%.# ..
7~~.~~~~~FF77%# #### #..
77~~.~F~F~FY77%####..####...
7~~~.~~~@~777...%...........
777~~~.~~~~Y7
##.#..#....~...#
7~~~~~~.~~~~77
#####..~~~~~~~~
#.~~~~~~~.~~~~77
#P.~~~~~~~~~
#~~~~~~~~.~~~7~#
#~.~~~~~~~~~
7~~~~~~~~.~~~%##
##~~~~.~~~~~


You could see Maggie, 2 yaks, 7 blink frogs and a bullfrog.

Vanquished Creatures
  Gastronok (D:11)
  Fannar (D:11)
  2 two-headed ogres (D:11)
  Urug (D:11)
  Amaemon (D:11)
  A manticore (D:11)
  A cyclops (D:11)
  A torpor snail (Lair:1)
  An orange demon (D:11)
  2 cane toads (Lair:1)
  Psyche (D:8)
  A troll (D:11)
  Prince Ribbit (D:6)
  2 polar bears (Lair:1)
  Grinder (D:3)
  3 blink frogs (Lair:1)
  Sigmund (D:2)
  3 shadows
  2 wyverns
  2 wraiths
  3 steam dragons
  47 yaks
  Edmund (D:4)
  6 water moccasins
  A sky beast (D:6)
  4 black bears (D:11)
  An ogre (D:4)
  A centaur (D:6)
  6 kobold brigands
  4 scorpions
  4 bullfrogs
  A gnoll sergeant (D:9)
  3 wights (D:6)
  9 killer bees (D:10)
  An electric eel (Lair:1)
  2 bombardier beetles
  A gnoll bouda (D:6)
  4 jellies
  4 orc priests
  4 hounds
  Jessica (D:2)
  3 iguanas (D:4)
  Ijyb (D:4)
  Natasha (thrice) (D:2)
  4 orc wizards
  18 gnolls
  3 adders
  2 shadow imps
  A white imp (D:7)
  A ribbon worm (D:5)
  A dart slug (D:4)
  25 orcs
  4 endoplasms
  A giant cockroach (D:3)
  4 goblins
  4 hobgoblins
  38 kobolds
  7 quokkas
  10 ball pythons
  4 bats
  4 frilled lizards
  5 rats
280 creatures vanquished.

Notes
Turn   | Place    | Note
-------+----------+-------------------------------------------
     0 | D:1      | qw the Demigod Hunter began the quest for the Orb.
     0 | D:1      | Reached XP level 1. HP: 17/17 MP: 3/3
     0 | D:1      | 0 ||| qw: Version: 0.3-a-155-g5e7d8dd
     0 | D:1      | 0 ||| qw: Game counter: 314
     0 | D:1      | 0 ||| qw: Melee chars always use a shield: true
     0 | D:1      | 0 ||| qw: God list: Okawaru
     0 | D:1      | 0 ||| qw: Allow faded altars: false
     0 | D:1      | 0 ||| qw: Do Orc after clearing Dungeon:15 true
     0 | D:1      | 0 ||| qw: Do second Lair branch before Depths: true
     0 | D:1      | 0 ||| qw: Lair rune preference: random
     0 | D:1      | 0 ||| qw: Goals: Normal
     0 | D:1      | 0 ||| PLANNING D:1-11
   369 | D:1      | Reached skill level 4 in Ranged Weapons
   402 | D:1      | Reached XP level 2. HP: 24/24 MP: 4/4
   861 | D:1      | 861 ||| UPGRADING to +0 pair of gloves.
   866 | D:1      | 866 ||| UPGRADING to +0 pair of boots.
   871 | D:1      | 871 ||| READING 2 scrolls labelled PUFFAS KIV JAO.
   972 | D:1      | 972 ||| DROPPING scroll of butterflies.
   973 | D:1      | 973 ||| DROPPING scroll of vulnerability.
  1119 | D:2      | Found Joupul's Assorted Antiques.
  1124 | D:2      | Reached XP level 3. HP: 29/29 MP: 5/5
  1155 | D:2      | 1155 ||| BUYING 3 scrolls labelled JORHAE ULETSOA (57
                  | gold).
  1155 | D:2      | Bought 3 scrolls labelled JORHAE ULETSOA for 57 gold pieces
  1155 | D:2      | 1155 ||| SHOPLISTING brass wand (76 gold, have 29).
  1155 | D:2      | 1155 ||| BUYING fizzy amethyst potion (17 gold).
  1155 | D:2      | Bought a fizzy amethyst potion for 17 gold pieces
  1155 | D:2      | 1155 ||| SHOPLISTING glowing helmet (142 gold, have 12).
  1155 | D:2      | 1155 ||| SHOPLISTING ring mail (76 gold, have 12).
  1155 | D:2      | 1155 ||| SHOPLISTING scroll labelled JUFEYMN PYPYO (19
                  | gold, have 12).
  1155 | D:2      | 1155 ||| SHOPLISTING viscous purple potion (17 gold, have
                  | 12).
  1223 | D:2      | Noticed Jessica
  1230 | D:2      | Killed Jessica
  1476 | D:2      | Noticed Natasha
  1482 | D:2      | Killed Natasha
  1483 | D:2      | Reached XP level 4. HP: 21/36 MP: 6/6
  1487 | D:2      | Noticed Natasha
  1488 | D:2      | 1488 ||| FLEEEEING.
  1489 | D:2      | 1489 ||| FLEEEEING.
  1496 | D:2      | Killed Natasha
  1497 | D:2      | Reached skill level 5 in Ranged Weapons
  1555 | D:2      | Identified the +9 dagger of the Wheel {heavy, rPois rC-
                  | Int+3}
  1650 | D:2      | Noticed Natasha
  1657 | D:2      | Killed Natasha
  1802 | D:2      | Noticed Sigmund
  1814 | D:2      | Killed Sigmund
  1815 | D:2      | Reached skill level 6 in Ranged Weapons
  1815 | D:2      | Reached XP level 5. HP: 31/41 MP: 7/7
  1915 | D:2      | 1915 ||| READING 4 scrolls labelled JORHAE ULETSOA.
  1915 | D:2      | 1915 ||| IDENTIFYING 3 fizzy amethyst potions
  1916 | D:2      | 1916 ||| READING 3 scrolls of identify.
  1916 | D:2      | 1916 ||| IDENTIFYING scroll labelled WOONUY GUBREMU
  1917 | D:2      | 1917 ||| READING 2 scrolls of identify.
  1917 | D:2      | 1917 ||| IDENTIFYING scroll labelled CYZIMUMMUCH
  1918 | D:2      | 1918 ||| READING scroll of identify.
  1918 | D:2      | 1918 ||| IDENTIFYING scroll labelled DAOL LIENUAHEMATE
  1919 | D:2      | 1919 ||| DROPPING scroll of torment.
  1920 | D:2      | 1920 ||| DROPPING scroll of immolation.
  2016 | D:3      | Found a runed translucent door.
  2020 | D:3      | Noticed qw's ghost (amateur DjHu)
  2383 | D:3      | Reached XP level 6. HP: 44/48 MP: 8/8
  2503 | D:3      | Noticed a water elemental
  2508 | D:3      | Noticed a fire elemental
  2508 | D:3      | Noticed an air elemental
  2795 | D:3      | Noticed Grinder
  2805 | D:3      | Killed Grinder
  2927 | D:3      | 2927 ||| READING scroll of identify.
  2927 | D:3      | 2927 ||| IDENTIFYING sapphire potion
  2928 | D:3      | 2928 ||| READING scroll labelled YXZOUMMA UBUY.
  2929 | D:3      | 2929 ||| READING 3 scrolls labelled TUNONK UMEC.
  2930 | D:3      | 2930 ||| READING scroll labelled JUFEYMN PYPYO.
  2931 | D:3      | 2931 ||| READING scroll labelled DOJIAT NITEDI.
  2932 | D:3      | 2932 ||| DROPPING potion of brilliance.
  2933 | D:3      | 2933 ||| DROPPING 2 scrolls of amnesia.
  2935 | D:3      | 2935 ||| Stepping ~*~*~tactically~*~*~ (cloud).
  3271 | D:4      | Reached skill level 3 in Fighting
  3271 | D:4      | Reached XP level 7. HP: 54/57 MP: 9/9
  3378 | D:4      | Reached skill level 1 in Armour
  3462 | D:4      | Noticed Ijyb
  3481 | D:4      | Killed Ijyb
  3854 | D:4      | Noticed Edmund
  3874 | D:4      | Killed Edmund
  3875 | D:4      | Reached skill level 7 in Ranged Weapons
  4046 | D:4      | 4046 ||| UPGRADING to +0 leather armour of fire resistance.
  4056 | D:4      | 4056 ||| DROPPING +0 leather armour.
  4057 | D:4      | 4057 ||| READING scroll of identify.
  4057 | D:4      | 4057 ||| IDENTIFYING murky brown potion
  4058 | D:4      | 4058 ||| READING scroll labelled UKHA OFUCY.
  4058 | D:4      | 4058 ||| BRANDING +0 shortbow.
  4059 | D:4      | 4059 ||| READING scroll labelled JOKILEO VIHOS.
  4059 | D:4      | 4059 ||| ENCHANTING +0 pair of gloves.
  4060 | D:4      | 4060 ||| DRINKING 2 fuming clear potions.
  4061 | D:4      | 4061 ||| FLEEEEING.
  4062 | D:4      | 4062 ||| FLEEEEING.
  4063 | D:4      | 4063 ||| FLEEEEING.
  4064 | D:4      | 4064 ||| FLEEEEING.
  4065 | D:4      | 4065 ||| FLEEEEING.
  4066 | D:4      | 4066 ||| FLEEEEING.
  4067 | D:4      | 4067 ||| FLEEEEING.
  4068 | D:4      | 4068 ||| FLEEEEING.
  4069 | D:4      | 4069 ||| FLEEEEING.
  4070 | D:4      | 4070 ||| FLEEEEING.
  4071 | D:4      | 4071 ||| FLEEEEING.
  4072 | D:4      | 4072 ||| FLEEEEING.
  4073 | D:4      | 4073 ||| FLEEEEING.
  4074 | D:4      | 4074 ||| FLEEEEING.
  4075 | D:4      | 4075 ||| FLEEEEING.
  4076 | D:4      | 4076 ||| FLEEEEING.
  4077 | D:4      | 4077 ||| FLEEEEING.
  4078 | D:4      | 4078 ||| FLEEEEING.
  4079 | D:4      | 4079 ||| FLEEEEING.
  4080 | D:4      | 4080 ||| FLEEEEING.
  4081 | D:4      | 4081 ||| FLEEEEING.
  4082 | D:4      | 4082 ||| FLEEEEING.
  4083 | D:4      | 4083 ||| FLEEEEING.
  4084 | D:4      | 4084 ||| FLEEEEING.
  4085 | D:4      | 4085 ||| FLEEEEING.
  4086 | D:4      | 4086 ||| FLEEEEING.
  4087 | D:4      | 4087 ||| FLEEEEING.
  4088 | D:4      | 4088 ||| STAIRDANCE
  4090 | D:3      | 4090 ||| FLEEEEING.
  4091 | D:3      | 4091 ||| FLEEEEING.
  4092 | D:3      | 4092 ||| FLEEEEING.
  4093 | D:3      | 4093 ||| FLEEEEING.
  4094 | D:3      | 4094 ||| FLEEEEING.
  4095 | D:3      | 4095 ||| FLEEEEING.
  4096 | D:3      | 4096 ||| FLEEEEING.
  4097 | D:3      | 4097 ||| FLEEEEING.
  4098 | D:3      | 4098 ||| FLEEEEING.
  4099 | D:3      | 4099 ||| FLEEEEING.
  4100 | D:3      | 4100 ||| FLEEEEING.
  4101 | D:3      | 4101 ||| FLEEEEING.
  4125 | D:3      | 4125 ||| DROPPING potion of berserk rage.
  4126 | D:3      | 4126 ||| DROPPING potion of ambrosia.
  4183 | D:5      | Entered Level 5 of the Dungeon
  4185 | D:5      | Found a staircase to the Ecumenical Temple.
  4188 | D:5      | 4188 ||| FLEEEEING.
  4189 | D:5      | 4189 ||| FLEEEEING.
  4190 | D:5      | 4190 ||| FLEEEEING.
  4191 | D:5      | 4191 ||| STAIRDANCE
  4295 | D:5      | 4295 ||| STAIRDANCE
  4340 | D:5      | 4340 ||| STAIRDANCE
  4383 | D:5      | 4383 ||| STAIRDANCE
  4395 | D:4      | Reached skill level 8 in Ranged Weapons
  4447 | D:5      | 4447 ||| STAIRDANCE
  4521 | D:5      | 4521 ||| STAIRDANCE
  4528 | D:4      | Reached XP level 8. HP: 48/66 MP: 10/10
  4622 | D:5      | 4622 ||| STAIRDANCE
  4665 | D:5      | 4665 ||| STAIRDANCE
  5089 | D:5      | Found Isutzosch's Weapon Boutique.
  5125 | D:5      | Identified the +3 leather armour of Saekhl Nina {Regen+
                  | Dex+2}
  5295 | D:5      | 5295 ||| UPGRADING to +3 leather armour of Saekhl Nina
                  | {Regen+ Dex+2}.
  5305 | D:5      | 5305 ||| DROPPING +0 leather armour of fire resistance.
  5306 | D:5      | 5306 ||| DROPPING +0 ring mail.
  5307 | D:5      | 5307 ||| DRINKING 2 inky potions.
  5598 | D:6      | 5598 ||| RETREEEEATING.
  5604 | D:6      | Reached skill level 9 in Ranged Weapons
  5676 | D:6      | 5676 ||| SWAPPING to +0 orcbow.
  5680 | D:6      | 5680 ||| DROPPING +0 shortbow of freezing.
  5807 | D:6      | Noticed Prince Ribbit
  5809 | D:6      | 5809 ||| ZAPPING wand of iceblast (7) at 3,-1 (Prince
                  | Ribbit; floor).
  5819 | D:6      | 5819 ||| ZAPPING wand of iceblast (6) at -2,1 (Prince
                  | Ribbit; floor).
  5822 | D:6      | 5822 ||| ZAPPING wand of iceblast (5) at -2,1 (Prince
                  | Ribbit; floor).
  5822 | D:6      | Killed Prince Ribbit
  5862 | D:6      | HP: 11/69 [steam dragon/ball of steam (17)]
  5863 | D:6      | 5863 ||| READING 2 scrolls of teleportation.
  6032 | D:6      | 6032 ||| UPGRADING to +6 ring of strength.
  6033 | D:6      | 6033 ||| DRINKING 3 emerald potions.
  6141 | D:7      | Reached XP level 9. HP: 74/74 MP: 11/11
  6269 | D:7      | Reached skill level 6 in Dodging
  6736 | D:7      | Reached skill level 10 in Ranged Weapons
  6783 | D:7      | 6783 ||| UPGRADING to +0 helmet.
  6788 | D:7      | 6788 ||| READING 2 scrolls of identify.
  6788 | D:7      | 6788 ||| IDENTIFYING dark potion
  6789 | D:7      | 6789 ||| READING scroll of identify.
  6789 | D:7      | 6789 ||| IDENTIFYING viscous puce potion
  6790 | D:7      | 6790 ||| DRINKING 2 amethyst potions.
  6791 | D:7      | 6791 ||| DROPPING potion of lignification.
  6792 | D:7      | 6792 ||| DROPPING potion of degeneration.
  6856 | D:8      | 6856 ||| RETREEEEATING.
  6857 | D:8      | 6857 ||| RETREEEEATING.
  6858 | D:8      | 6858 ||| RETREEEEATING.
  6874 | D:8      | Reached skill level 6 in Fighting
  7301 | D:8      | Reached XP level 10. HP: 76/83 MP: 13/13
  7412 | D:8      | Noticed Psyche
  7420 | D:8      | Killed Psyche
  7427 | D:8      | Reached skill level 11 in Ranged Weapons
  7527 | D:8      | 7527 ||| READING scroll of identify.
  7527 | D:8      | 7527 ||| IDENTIFYING brown potion
  7661 | D:9      | 7661 ||| FLEEEEING.
  7678 | D:9      | Found a staircase to the Orcish Mines.
  8248 | D:9      | 8248 ||| READING scroll labelled EGUUTHURETO.
  8267 | D:10     | Entered Level 10 of the Dungeon
  8446 | D:10     | 8446 ||| RETREEEEATING.
  8450 | D:10     | 8450 ||| RETREEEEATING.
  8452 | D:10     | 8452 ||| RETREEEEATING.
  8454 | D:10     | 8454 ||| RETREEEEATING.
  8456 | D:10     | 8456 ||| RETREEEEATING.
  8457 | D:10     | 8457 ||| RETREEEEATING.
  8458 | D:10     | 8458 ||| RETREEEEATING.
  8459 | D:10     | 8459 ||| RETREEEEATING.
  8460 | D:10     | 8460 ||| RETREEEEATING.
  8461 | D:10     | 8461 ||| RETREEEEATING.
  8462 | D:10     | 8462 ||| RETREEEEATING.
  8463 | D:10     | 8463 ||| RETREEEEATING.
  8464 | D:10     | 8464 ||| RETREEEEATING.
  8472 | D:10     | Reached skill level 12 in Ranged Weapons
  8830 | D:10     | 8830 ||| DROPPING amulet of magic regeneration.
  8831 | D:10     | 8831 ||| READING scroll of identify.
  8831 | D:10     | 8831 ||| IDENTIFYING blue potion
  8832 | D:10     | 8832 ||| READING scroll labelled SORUBL CIMEWU.
  8833 | D:10     | 8833 ||| READING scroll labelled SYPTUFAPAU.
  8833 | D:10     | 8833 ||| ENCHANTING +0 orcbow.
  8834 | D:10     | 8834 ||| DRINKING 2 viscous purple potions.
  8863 | D:11     | Noticed Amaemon
  8864 | D:11     | 8864 ||| RETREEEEATING.
  8866 | D:11     | 8866 ||| RETREEEEATING.
  8867 | D:11     | 8867 ||| RETREEEEATING.
  8868 | D:11     | 8868 ||| DRINKING potion of haste.
  8874 | D:11     | 8874 ||| RETREEEEATING.
  8875 | D:11     | 8875 ||| RETREEEEATING.
  8876 | D:11     | 8876 ||| RETREEEEATING.
  8877 | D:11     | 8877 ||| RETREEEEATING.
  8878 | D:11     | 8878 ||| RETREEEEATING.
  8879 | D:11     | 8879 ||| STAIRDANCE
  8880 | D:10     | HP: 19/84 [poisoned by orange demon (concentrated venom)]
  8885 | D:10     | HP: 16/84 [poisoned by orange demon (concentrated venom)]
  8953 | D:11     | 8953 ||| ZAPPING wand of quicksilver (4) at -5,6 (Amaemon;
                  | floor).
  8954 | D:11     | 8954 ||| ZAPPING wand of quicksilver (3) at -4,5 (Amaemon;
                  | floor).
  8955 | D:11     | 8955 ||| RETREEEEATING.
  8956 | D:11     | 8956 ||| RETREEEEATING.
  8959 | D:11     | 8959 ||| ZAPPING wand of quicksilver (2) at -5,3 (Amaemon;
                  | floor).
  8960 | D:11     | 8960 ||| ZAPPING wand of iceblast (4) at -4,2 (Amaemon;
                  | floor).
  8961 | D:11     | 8961 ||| ZAPPING wand of quicksilver (1) at -4,2 (Amaemon;
                  | floor).
  8963 | D:11     | 8963 ||| ZAPPING wand of iceblast (3) at -3,2 (Amaemon;
                  | floor).
  8991 | D:11     | Killed Amaemon
  9052 | D:11     | Noticed Gastronok
  9057 | D:11     | 9057 ||| FLEEEEING.
  9059 | D:11     | 9059 ||| FLEEEEING.
  9065 | D:11     | 9065 ||| FLEEEEING.
  9085 | D:11     | Killed Gastronok
  9086 | D:11     | Reached XP level 11. HP: 92/92 MP: 14/14
  9115 | D:11     | 9115 ||| RETREEEEATING.
  9116 | D:11     | 9116 ||| RETREEEEATING.
  9184 | D:11     | Reached skill level 13 in Ranged Weapons
  9252 | D:11     | 9252 ||| RETREEEEATING.
  9253 | D:11     | 9253 ||| RETREEEEATING.
  9260 | D:11     | 9260 ||| RETREEEEATING.
  9273 | D:11     | 9273 ||| FLEEEEING.
  9282 | D:11     | Reached skill level 9 in Dodging
  9299 | D:11     | Found a staircase to the Lair.
  9307 | D:11     | Noticed a two-headed ogre
  9313 | D:11     | Killed a two-headed ogre
  9380 | D:11     | Reached skill level 3 in Armour
  9413 | D:11     | Noticed Fannar
  9414 | D:11     | 9414 ||| ZAPPING wand of iceblast (2) at 4,-1 (Fannar;
                  | floor).
  9415 | D:11     | 9415 ||| ZAPPING wand of iceblast (1) at 2,-1 (floor).
  9417 | D:11     | 9417 ||| RETREEEEATING.
  9422 | D:11     | 9422 ||| RETREEEEATING.
  9423 | D:11     | 9423 ||| RETREEEEATING.
  9424 | D:11     | 9424 ||| RETREEEEATING.
  9424 | D:11     | HP: 22/94 [Fannar/bolt of cold (38)]
  9425 | D:11     | 9425 ||| READING 3 scrolls of teleportation.
  9426 | D:11     | 9426 ||| DRINKING 3 potions of heal wounds.
  9427 | D:11     | 9427 ||| RETREEEEATING.
  9507 | D:11     | 9507 ||| RETREEEEATING.
  9533 | D:11     | HP: 20/94 [Fannar/+0 quarterstaff of freezing (5)]
  9534 | D:11     | 9534 ||| READING 2 scrolls of teleportation.
  9535 | D:11     | 9535 ||| DRINKING 2 potions of heal wounds.
  9588 | D:11     | Killed Fannar
  9633 | D:11     | 9633 ||| RETREEEEATING.
  9755 | D:11     | Noticed Urug
  9771 | D:11     | Killed Urug
  9833 | D:11     | Noticed a two-headed ogre
  9841 | D:11     | Killed a two-headed ogre
  9952 | D:11     | 9952 ||| PLANNING LAIR
  9952 | D:11     | 9952 ||| UPGRADING to +2 hat.
  9962 | D:11     | 9962 ||| DROPPING +0 helmet.
 10000 | Lair:1   | Entered Level 1 of the Lair of Beasts
 10001 | Lair:1   | 10001 ||| RETREEEEATING.
 10002 | Lair:1   | 10002 ||| RETREEEEATING.
 10005 | Lair:1   | 10005 ||| RETREEEEATING.
 10006 | Lair:1   | 10006 ||| RETREEEEATING.
 10007 | Lair:1   | 10007 ||| RETREEEEATING.
 10012 | Lair:1   | 10012 ||| RETREEEEATING.
 10015 | Lair:1   | 10015 ||| RETREEEEATING.
 10016 | Lair:1   | 10016 ||| RETREEEEATING.
 10032 | Lair:1   | Reached skill level 14 in Ranged Weapons
 10097 | Lair:1   | 10097 ||| RETREEEEATING.
 10098 | Lair:1   | 10098 ||| RETREEEEATING.
 10099 | Lair:1   | 10099 ||| RETREEEEATING.
 10100 | Lair:1   | 10100 ||| RETREEEEATING.
 10101 | Lair:1   | 10101 ||| RETREEEEATING.
 10102 | Lair:1   | 10102 ||| RETREEEEATING.
 10103 | Lair:1   | 10103 ||| RETREEEEATING.
 10104 | Lair:1   | 10104 ||| RETREEEEATING.
 10105 | Lair:1   | 10105 ||| RETREEEEATING.
 10106 | Lair:1   | 10106 ||| RETREEEEATING.
 10107 | Lair:1   | 10107 ||| RETREEEEATING.
 10108 | Lair:1   | 10108 ||| RETREEEEATING.
 10109 | Lair:1   | 10109 ||| RETREEEEATING.
 10110 | Lair:1   | 10110 ||| RETREEEEATING.
 10111 | Lair:1   | 10111 ||| RETREEEEATING.
 10112 | Lair:1   | 10112 ||| RETREEEEATING.
 10113 | Lair:1   | 10113 ||| RETREEEEATING.
 10114 | Lair:1   | 10114 ||| RETREEEEATING.
 10115 | Lair:1   | 10115 ||| RETREEEEATING.
 10116 | Lair:1   | 10116 ||| RETREEEEATING.
 10117 | Lair:1   | 10117 ||| RETREEEEATING.
 10118 | Lair:1   | 10118 ||| RETREEEEATING.
 10119 | Lair:1   | 10119 ||| RETREEEEATING.
 10120 | Lair:1   | 10120 ||| RETREEEEATING.
 10121 | Lair:1   | 10121 ||| RETREEEEATING.
 10122 | Lair:1   | 10122 ||| RETREEEEATING.
 10123 | Lair:1   | 10123 ||| RETREEEEATING.
 10124 | Lair:1   | 10124 ||| RETREEEEATING.
 10125 | Lair:1   | 10125 ||| RETREEEEATING.
 10127 | Lair:1   | 10127 ||| RETREEEEATING.
 10128 | Lair:1   | 10128 ||| RETREEEEATING.
 10231 | Lair:1   | 10231 ||| RETREEEEATING.
 10232 | Lair:1   | 10232 ||| RETREEEEATING.
 10248 | Lair:1   | Reached XP level 12. HP: 101/101 MP: 15/15
 10271 | Lair:1   | 10271 ||| RETREEEEATING.
 10274 | Lair:1   | 10274 ||| RETREEEEATING.
 10275 | Lair:1   | 10275 ||| RETREEEEATING.
 10276 | Lair:1   | 10276 ||| RETREEEEATING.
 10277 | Lair:1   | 10277 ||| RETREEEEATING.
 10278 | Lair:1   | 10278 ||| RETREEEEATING.
 10279 | Lair:1   | 10279 ||| RETREEEEATING.
 10280 | Lair:1   | 10280 ||| RETREEEEATING.
 10281 | Lair:1   | 10281 ||| RETREEEEATING.
 10281 | Lair:1   | Noticed Maggie
 10282 | Lair:1   | 10282 ||| RETREEEEATING.
 10283 | Lair:1   | 10283 ||| RETREEEEATING.
 10294 | Lair:1   | 10294 ||| RETREEEEATING.
 10295 | Lair:1   | 10295 ||| RETREEEEATING.
 10296 | Lair:1   | 10296 ||| RETREEEEATING.
 10297 | Lair:1   | 10297 ||| READING scroll of teleportation.
 10302 | Lair:1   | 10302 ||| RETREEEEATING.
 10303 | Lair:1   | 10303 ||| RETREEEEATING.
 10304 | Lair:1   | 10304 ||| RETREEEEATING.
 10305 | Lair:1   | 10305 ||| RETREEEEATING.
 10306 | Lair:1   | 10306 ||| RETREEEEATING.
 10326 | Lair:1   | HP: 23/101 [blink frog (12)]
 10327 | Lair:1   | 10327 ||| DRINKING potion of heal wounds.
 10344 | Lair:1   | 10344 ||| RETREEEEATING.
 10345 | Lair:1   | 10345 ||| RETREEEEATING.
 10345 | Lair:1   | HP: 21/101 [blink frog (6)]
 10346 | Lair:1   | 10346 ||| RETREEEEATING.
 10346 | Lair:1   | HP: 10/101 [blink frog (6)]
 10346 | Lair:1   | Slain by a blink frog

Levels and vault maps discovered:
D:1:      orjb1_clovarrival, layout_loops_corners,
          chequers_ecumenical_altar_grove
D:2:      layout_basic, serial_shops, shop, basic_altar,
          kennysheep_jessica_study, uniq_natasha, uniq_sigmund
D:3:      minmay_general_purpose_star, layout_loops_corners, marbit_many_paths,
          nicolae_qazlal_style_of_elements, mainiacjoe_overflow_tiny_flanked,
          hellmonk_ghost_happy_afterlife, chequers_serial_rivers_micro_c,
          uniq_grinder
D:4:      layout_gridville, bloody_trog, serial_bayou_lagoon_a, uniq_edmund,
          uniq_ijyb
D:5:      layout_rooms, mainiacjoe_overflow_small_starburst,
          minmay_temple_entry_grid, serial_shops, nicolae_shop_advertising_works
          [nicolae_subvault_shop_adworks]
D:6:      kennysheep_steamy, layout_basic, uniq_prince_ribbit1
D:7:      layout_loops_ring, mainiacjoe_overflow_24_doors,
          mainiacjoe_overflow_paths, chequers_serial_rivers_small_a,
          due_unseen_surprise
D:8:      layout_rooms, lemuel_tele_altar, kennysheep_mini,
          minmay_overflow_temple_hex, kennysheep_nub, nicolae_nh_ransacked_shop,
          uniq_psyche
D:9:      layout_basic, orc_0_dummy
D:10:     layout_roguey, mainiacjoe_overflow_alcove_1
D:11:     layout_roguey, due_lair_maze_entry_diamond, uniq_gastronok, uniq_urug,
          uniq_fannar, uniq_amaemon
Lair:1:   layout_misc_corridors, minmay_lair_oklob_bushes,
          serial_bayou_lagoon_b, infiniplex_staircase_pool_2, uniq_maggie

Skill      XL: |  1  2  3  4  5  6  7  8  9 10 11 |
---------------+----------------------------------+-----
Ranged Weapons | 4 6 8 9 10 12 14 | 14.5
Fighting       | 2 3 4 5 6 7 8 |  8.0
Dodging        | 2 4 5 7 8 10 | 10.0
Armour         | 1 2 3 |  3.0
Stealth        | |  0.8

Action                     |  1- 3 |  4- 6 |  7- 9 | 10-12 || total
---------------------------+-------+-------+-------+-------++-------
   Fire: Shortbow          |    80 |   101 |   263 |       ||   444
         Orcbow            |       |       |   200 |   632 ||   832
  Evoke: Wand              |       |       |     3 |     8 ||    11
    Use: Scroll            |     1 |     9 |     6 |     8 ||    24
         Potion            |       |       |     4 |     5 ||     9
 Armour: Leather armour    |    13 |    13 |   158 |   187 ||   371
  Dodge: Dodged            |    12 |    23 |   213 |   435 ||   683

Table legend:
 A = Non-vault XP
 B = Vault XP
 C = Vault XP percentage of total XP
 D = Non-vault monster count
 E = Vault monster count
 F = Vault count percentage of total count
                 A         B        C        D         E       F
            +---------+---------+-------+---------+---------+-------
      Total |   20513 |    7855 |  27.7 |     246 |      34 |  12.1
            +---------+---------+-------+---------+---------+-------
        D:1 |      46 |       0 |   0.0 |      22 |       0 |   0.0
        D:2 |      85 |     305 |  78.2 |      12 |       4 |  25.0
        D:3 |      51 |     280 |  84.6 |      16 |       5 |  23.8
        D:4 |     789 |     205 |  20.6 |      27 |       2 |   6.9
        D:5 |     182 |       0 |   0.0 |      13 |       0 |   0.0
        D:6 |     759 |     600 |  44.2 |      21 |       3 |  12.5
        D:7 |    1019 |       0 |   0.0 |      26 |       0 |   0.0
        D:8 |    2547 |     463 |  15.4 |      22 |       6 |  21.4
        D:9 |     996 |       0 |   0.0 |      21 |       0 |   0.0
       D:10 |    2012 |       0 |   0.0 |      16 |       0 |   0.0
       D:11 |    6024 |    6002 |  49.9 |      23 |      14 |  37.8
     Lair:1 |    6003 |       0 |   0.0 |      27 |       0 |   0.0
            +---------+---------+-------+---------+---------+-------
